 Dungeon Crawl Stone Soup version 0.25.1-2-g60ff931df9 (webtiles) character file.

Game seed: 18349960064749816760

118 Goreval the Conjurer (level 4, -5/35 HPs)
             Began as a Draconian Conjurer on Sept 16, 2020.
             Killed by divine providence
             ... invoked by an orc priest
              (12 damage)
             ... on level 3 of the Dungeon.
             The game lasted 00:05:06 (3164 turns).

Goreval the Conjurer (Draconian Conjurer)           Turns: 3164, Time: 00:05:07

Health: -5/35      AC:  5    Str: 11    XL:     4   Next: 72%
Magic:  5/8        EV: 12    Int: 16    God:
Gold:   124        SH:  0    Dex: 11    Spells: 2/8 levels left

rFire    . . .     SeeInvis .   (no weapon)
rCold    + . .     Gourm    .   (no shield)
rNeg     . . .     Faith    .   (armour unavailable)
rPois    .         Spirit   .   (helmet restricted)
rElec    .         Reflect  .   (no cloak)
rCorr    .         Harm     .   (no gloves)
MR       .....                  (no boots)
Stlth    ++........             (no amulet)
HPRegen  0.11/turn              c - ring of protection from cold
MPRegen  0.11/turn              (no ring)

@: no status effects
A: unfitting armour, cold-blooded, AC +5
a: no special abilities


You were on level 3 of the Dungeon.
You were not hungry.

You visited 1 branch of the dungeon, and saw 3 of its levels.

You collected 124 gold pieces.

Inventory:

Missiles
 a - 55 arrows
 g - 87 stones (quivered)
Armour
 s - a scarf of repulsion
Jewellery
 c - a ring of protection from cold (left hand)
Scrolls
 e - 4 scrolls of teleportation {unknown}
 h - 2 scrolls of magic mapping {unknown}
 i - a scroll of fog {unknown}
 j - 2 scrolls of identify {unknown}
 m - a scroll of fear {unknown}
 p - a scroll of amnesia {unknown}
 r - a scroll of noise {unknown}
 t - a scroll of enchant armour {unknown}
Potions
 d - 3 potions of curing {unknown}
 f - 2 potions of haste {unknown}
 k - a potion of mutation {unknown}
 l - 3 potions of flight {unknown}
 n - a potion of lignification {unknown}
 o - a potion of resistance {unknown}
Comestibles
 b - 5 rations
 q - 3 chunks of flesh


   Skills:
 + Level 1.3 Fighting
 - Level 2.0 Dodging
 - Level 2.0 Stealth
 + Level 2.9 Spellcasting
 * Level 5.2 Conjurations


You had 2 spell levels left.
You knew the following spells:

 Your Spells              Type           Power        Failure   Level  Hunger
a - Magic Dart            Conj           ###.         2%          1    #......
b - Searing Ray           Conj           ###...       3%          2    ##.....
c - Dazzling Flash        Conj/Hex       ##....       19%         3    ###....

Your spell library contained the following spells:

 Spells                   Type           Power        Failure   Level  Hunger
 Fulminant Prism          Conj/Hex       ##........   54%         4    #####..
 Iskenderun's Mystic Bla  Conj/Tloc      ##......     54%         4    #####..


Dungeon Overview and Level Annotations

Branches:
Dungeon (3/15)

Altars:


Innate Abilities, Weirdness & Mutations

Your plain brown scales are hard. (AC +5)
You cannot fit into any form of body armour.
You are cold-blooded and may be slowed by cold attacks.


Message History

You barely miss the orc priest. You tail-slap the orc priest.
You kill the orc priest!
An orc comes into view. It is wielding a +0 flail.
The orc shouts!
Items here: $ ) [ † a +0 club; a cursed +0 leather armour; 23 gold pieces; an orc corpse An orc is nearby!
An orc priest comes into view. It is wielding a +0 club.
The orc priest calls down the wrath of Beogh upon you.
Beogh smites you!
* * * LOW HITPOINT WARNING * * *
There is an open door here.
Things that are here:
a +0 chain mail; 9 gold pieces; an orc corpse
There is an open door here.
Items here: )) [ ÷ a +0 mace; a +0 hunting sling; a +0 leather armour; an orc skeleton The orc priest calls down the wrath of Beogh upon you.
Beogh smites you!
You die...

.............
............
...........
..........
.........#
>..g.....##
#†..# #...#.#
#.@.#.#
##o##.#
#..#.# ##.#.#
#.#.# #.#.#
#...# ##o.#
######[>###
##


You could see an orc priest and an orc.

Vanquished Creatures
  An orc priest (D:3)
  2 adders
  An ooze (D:3)
  2 worms (D:2)
  2 dart slugs
  3 leopard geckos (D:1)
  2 orcs (D:3)
  A ball python (D:1)
  3 giant cockroaches (D:1)
  5 goblins
  8 hobgoblins
  A quokka (D:2)
  11 bats
  3 frilled lizards
  3 kobolds
  4 rats
52 creatures vanquished.

Notes
Turn   | Place    | Note
-------+----------+-------------------------------------------
     0 | D:1      | Goreval the Draconian Conjurer began the quest for the Orb.
     0 | D:1      | Reached XP level 1. HP: 14/14 MP: 3/3
   322 | D:1      | Reached XP level 2. HP: 20/20 MP: 0/5
   326 | D:1      | Learned a level 2 spell: Searing Ray
  1045 | D:1      | Reached XP level 3. HP: 21/26 MP: 0/6
  1050 | D:1      | Learned a level 3 spell: Dazzling Flash
  2838 | D:3      | Reached XP level 4. HP: 34/34 MP: 4/8
  2891 | D:3      | Reached skill level 5 in Conjurations
  2973 | D:3      | Reached skill level 1 in Fighting
  3164 | D:3      | Killed from afar by an orc priest

Illustrated notes

Levels and vault maps discovered:
D:1:      minmay_arrival_four_loops, layout_basic
D:2:      minmay_recursive_quarters, layout_basic, kennysheep_doodads
D:3:      layout_basic, first_ration

Skill      XL: |  1  2  3  4 |
---------------+-------------+-----
Stealth        | 2 |  2.0
Dodging        | 2 |  2.0
Conjurations   | 5 |  5.2
Fighting       | 1 |  1.3
Spellcasting   | |  2.9

Action                   |  1- 3 |  4- 6 || total
-------------------------+-------+-------++-------
Melee: Unarmed           |       |     1 ||     1
       Tailslap          |       |     1 ||     1
 Cast: Magic Dart        |   106 |    27 ||   133
       Searing Ray       |     3 |       ||     3
  Eat: Chunk             |     7 |     1 ||     8
Armor: Skin              |    12 |     1 ||    13
Dodge: Dodged            |    20 |     3 ||    23
